 Dungeon Crawl Stone Soup version 0.16.1-5-gaa23807 (webtiles) character file.

7139 Chiseanne the Magician (level 10, 0/86 HPs)
             Began as a Demigod Transmuter on Mar 28, 2015.
             Killed by divine providence
             ... invoked by an orc priest
              (11 damage)
             ... on level 4 of the Orcish Mines.
             The game lasted 01:09:56 (13776 turns).

Chiseanne the Magician (Demigod Transmuter)        Turns: 13776, Time: 01:09:56

Health: 0/86       AC: 14    Str: 23    XL:     10   Next: 55%
Magic:  35/37      EV: 15    Int: 21    God:
Gold:   276        SH:  0    Dex: 12    Spells: 5 memorised, 9 levels left

rFire  . . .     SeeInvis .     a - melded +6 flail (crush)
rCold  . . .     Clarity  .     L - +1 robe of the Nine Planets {rPois MR+ Str+4 Int+2 Dex-4}
rNeg   . . .     SustAb   +     (shield currently unavailable)
rPois  +         Gourm    .     E - +2 helmet
rElec  .         Spirit   .     o - +1 cloak
rCorr  .         Warding  .     (gloves currently unavailable)
rMut   .         Stasis   .     (no boots)
MR     ++...                    (no amulet)
Stlth  +.........               k - ring of magical power
                                i - +6 ring of protection

@: blade hands, drained, very resistant to hostile enchantments, very unstealthy
A: strong 1, sustain abilities
a: End Transformation


You were on level 4 of the Orcish Mines.
You were hungry.
You had blades for hands.
You visited 2 branches of the dungeon, and saw 13 of its levels.

You collected 1194 gold pieces.
You spent 918 gold pieces at shops.

Inventory:

Hand weapons
 a - a +6 flail of crushing (melded)
 e - a +2 shortbow of flaming
 s - a +1 spear of piercing
 w - a +0 arbalest of chaos
 C - the +2 war axe of Destiny {chop, rElec rF+}
   (You found it on level 9 of the Dungeon)

   It inflicts extra damage upon your enemies.
   It protects you from fire.
   It insulates you from electricity.
Missiles
 b - 121 arrows
 f - 4 curare-tipped needles
 j - 27 poisoned needles
 t - 6 arrows of flame
 u - 18 sling bullets
 A - 16 tomahawks (quivered)
 D - 34 bolts
 F - a throwing net
 J - 4 poisoned tomahawks
 K - 2 steel tomahawks
Armour
 o - a +1 cloak (worn)
 y - the +1 buckler of the Poles {-Cast +Fly rC- rN+ Str+5}
   (You bought it in a shop on level 9 of the Dungeon)

   It affects your strength (+5).
   It makes you vulnerable to cold.
   It protects you from negative energy.
   It lets you fly.
   It prevents spellcasting.
 E - a +2 helmet (worn)
 L - the +1 robe of the Nine Planets (worn) {rPois MR+ Str+4 Int+2 Dex-4}
   (You bought it in a shop on level 4 of the Orcish Mines)

   It affects your strength (+4).
   It affects your intelligence (+2).
   It affects your dexterity (-4).
   It protects you from poison.
   It affects your resistance to hostile enchantments.
Jewellery
 i - a +6 ring of protection (left scythe-like blade)
 k - a ring of magical power (right scythe-like blade)
Magical devices
 q - a wand of teleportation (5)
Scrolls
 G - 2 scrolls of identify
 H - a scroll of remove curse
Potions
 c - 2 potions of curing
 g - a potion of flight
 h - a potion of cancellation
 n - 3 potions of brilliance
 p - 2 potions of restore abilities
 x - a potion of mutation
 B - a potion of magic
Books
 d - a book of Changes

   Spells                             Type                      Level
   a - Beastly Appendage              Transmutation                1
   b - Sticks to Snakes               Transmutation                2
   c - Spider Form                    Transmutation/Poison         3
   d - Ice Form                       Ice/Transmutation            4
   e - Blade Hands                    Transmutation                5
 v - a book of Clouds

   Spells                             Type                      Level
   a - Mephitic Cloud                 Conjuration/Poison/Air       3
   b - Conjure Flame                  Conjuration/Fire             3
   c - Poisonous Cloud                Conjuration/Poison/Air       6
   d - Freezing Cloud                 Conjuration/Ice/Air          6
   e - Ring of Flames                 Charms/Fire                  7
Comestibles
 m - a slice of pizza
 r - 5 meat rations
 z - 4 fruits
 I - 5 bread rations


   Skills:
 * Level 7.5 Fighting
 * Level 4.2 Armour
 - Level 6.7 Dodging
 - Level 2.6 Unarmed Combat
 * Level 7.7(7.6) Spellcasting
 * Level 7.3 Transmutations


You had 9 spell levels left.
You knew the following spells:

 Your Spells              Type           Power        Failure   Level  Hunger
a - Beastly Appendage     Trmt           #####.       12%         1    None
b - Sticks to Snakes      Trmt           #####.....   14%         2    None
c - Spider Form           Trmt/Pois      ###.......   36%         3    None
d - Ice Form              Ice/Trmt       ###.....     63%         4    ###....
e - Blade Hands           Trmt           #####.....   54%         5    #####..


Dungeon Overview and Level Annotations

Branches:
Dungeon (9/15)             Temple (0/1) D:7            Lair (0/8) D:9
    Orc (4/4) D:9
    Elf: Orc:3-4

Shops:
D:5 !!%   D:7 (   D:9 [   Orc:4 *

Annotations:
D:8 1 exclusion


Innate Abilities, Weirdness & Mutations

Your attributes are resistant to harm.
Your muscles are strong. (Str +2)


Message History

The orc hits you but does no damage. The orc hits you with a whip.
The orc knight hits you with a long sword!!
* * * LOW HITPOINT WARNING * * *
The orc wizard completely misses you. The orc hits you with a flail!
* * * LOW HITPOINT WARNING * * *
Read which item? (? for menu, Esc to quit)
Okay, then.
Evoke which item? (* to show all) (? for menu, Esc to quit)
You have no means to grasp a wand firmly enough.
Unknown command.
Evoke which item? (* to show all) (? for menu, Esc to quit)
Okay, then.
Drink which item? (? for menu, Esc to quit)
You feel better. The orc hits you but does no damage.
The orc warrior hits you from afar with a halberd!
* * * LOW HITPOINT WARNING * * *
The orc closely misses you. The orc hits you but does no damage.
The orc priest calls down the wrath of Beogh upon you.
Something smites you!
You die...

... ......... ...........
........o..........
<..................$...
........................
.......o$...............
......hooo...............
.....oOo@o............<..
...##.oo.o#....$.........
#..ooo......$.........
#.............<.......
#...............∩[.....
##.##.#....#....#.....^
## ###################


You could see an orc knight, a warg, an orc warrior (frenzied), an ogre, an orc
priest (frenzied), 2 orc wizards and 9 orcs.

Vanquished Creatures
  A centaur warrior (D:8)
  Grinder (D:6)
  Prince Ribbit (D:8)
  A deep elf mage (D:9)
  Eustachio (D:8)
  A hippogriff (D:7)
  A hungry ghost (D:8)
  Edmund (D:6)
  2 water moccasins
  4 ice beasts
  10 orc warriors
  A sky beast (D:8)
  A necrophage (D:9)
  5 centaurs
  3 phantoms
  6 ogres
  Sigmund (D:6)
  2 giant frogs
  Blork the orc (D:8)
  A wyvern skeleton (D:7)
  5 scorpions
  A killer bee (D:8)
  4 wights (D:9)
  5 crimson imps
  2 goliath beetles
  4 hounds
  A jelly (D:8)
  A quasit (D:6)
  A centaur skeleton (D:7)
  7 orc priests
  A giant frog zombie (D:5)
  2 iguanas (D:8)
  11 orc wizards
  5 worker ants
  A hound zombie (D:8)
  A hound skeleton (D:6)
  9 adders
  4 gnolls
  A shadow imp (D:6)
  3 giant mites
  A worm (D:4)
  2 oozes
  113 orcs
  2 ball pythons
  4 bat skeletons
  3 giant cockroaches
  21 hobgoblins
  20 jackals
  2 quokkas
  17 bats
  4 giant geckos
  A giant gecko skeleton (D:5)
  5 giant newts
  A giant spore (D:9)
  10 goblins
  A jackal skeleton (D:4)
  14 kobolds
  2 quokka skeletons
  10 rats
  6 ballistomycetes
353 creatures vanquished.

Vanquished Creatures (collateral kills)
  A scorpion (D:4)
  A jelly (D:6)
  An orc wizard (D:4)
  A worker ant (D:4)
  Terence (D:3)
  4 gnolls (D:4)
  An adder (D:3)
  A worm (D:3)
  3 orcs
  A goblin (D:4)
  A hobgoblin (D:3)
  A quokka (D:4)
  A giant gecko (D:4)
  A kobold (D:3)
19 creatures vanquished.

Vanquished Creatures (others)
  An orc wizard (D:4)
  A hobgoblin (D:4)
  A giant spore (D:8)
3 creatures vanquished.

Grand Total: 375 creatures vanquished

Notes
Turn   | Place    | Note
--------------------------------------------------------------
     0 | D:1      | Chiseanne, the Demigod Transmuter, began the quest for the Orb.
     0 | D:1      | Reached XP level 1. HP: 15/15 MP: 3/3
   439 | D:1      | Reached skill level 1 in Fighting
   958 | D:2      | Found a glowing silver altar of Zin.
   958 | D:2      | Found an iron altar of Okawaru.
   958 | D:2      | Found a basalt altar of Yredelemnul.
   993 | D:2      | Reached XP level 2. HP: 5/23 MP: 3/5
  1259 | D:2      | Found a sacrificial altar of Ru.
  1271 | D:2      | HP: 1/23 [hobgoblin/club (4)]
  1372 | D:2      | Learned a level 2 spell: Sticks to Snakes
  1425 | D:2      | Reached XP level 3. HP: 8/28 MP: 6/8
  1696 | D:2      | Learned a level 3 spell: Spider Form
  2679 | D:3      | Noticed Terence
  2700 | D:3      | Killed Terence
  2906 | D:3      | Reached XP level 4. HP: 32/35 MP: 9/11
  3037 | D:3      | Reached skill level 3 in Dodging
  3921 | D:4      | Reached XP level 5. HP: 37/41 MP: 13/13
  4304 | D:4      | Found a stormy altar of Qazlal.
  4799 | D:4      | Reached XP level 6. HP: 43/48 MP: 13/17
  4978 | D:4      | Found a bloodstained altar of Trog.
  5431 | D:4      | Reached skill level 4 in Dodging
  5520 | D:4      | Learned a level 4 spell: Ice Form
  5728 | D:5      | Entered Level 5 of the Dungeon
  6068 | D:5      | Found Puirgh's Distillery.
  6071 | D:5      | Bought a potion of invisibility for 96 gold pieces
  6071 | D:5      | Bought a potion of poison for 12 gold pieces
  6071 | D:5      | Bought a potion of might for 48 gold pieces
  6122 | D:5      | Found Thaffaru's Food Boutique.
  6125 | D:5      | Bought a slice of pizza for 21 gold pieces
  6159 | D:5      | Reached XP level 7. HP: 33/56 MP: 20/20
  6304 | D:5      | Found Phuvaun's Distillery.
  6697 | D:5      | Reached skill level 5 in Dodging
  7071 | D:6      | Noticed Edmund
  7118 | D:6      | Killed Edmund
  7444 | D:6      | Noticed Sigmund
  7455 | D:6      | Killed Sigmund
  7469 | D:6      | Reached XP level 8. HP: 59/63 MP: 21/21
  7513 | D:6      | Found a snail-covered altar of Cheibriados.
  7552 | D:6      | Reached skill level 6 in Dodging
  7590 | D:6      | Found a shimmering altar of Xom.
  7592 | D:6      | Found a shimmering altar of Xom.
  7594 | D:6      | Found a shimmering altar of Xom.
  7645 | D:6      | Learned a level 5 spell: Blade Hands
  7764 | D:6      | Noticed Grinder
  7770 | D:6      | Paralysed by Grinder for 3 turns
  7775 | D:6      | Killed Grinder
  8026 | D:6      | Reached skill level 5 in Spellcasting
  8096 | D:7      | Found Wusuppu's Weapon Shoppe.
  8110 | D:6      | Reached skill level 1 in Armour
  8143 | D:7      | Reached skill level 5 in Transmutations
  8210 | D:7      | Gained mutation: Your muscles are strong. (Str +2) [potion of beneficial mutation]
  8803 | D:7      | Found a staircase to the Ecumenical Temple.
  8916 | D:8      | Noticed Blork the orc
  8925 | D:8      | Killed Blork the orc
  8925 | D:8      | Reached XP level 9. HP: 68/72 MP: 25/25
  9182 | D:8      | Noticed a centaur warrior
  9210 | D:8      | Killed a centaur warrior
  9210 | D:8      | Reached skill level 5 in Fighting
  9616 | D:8      | Noticed Prince Ribbit
  9631 | D:8      | Killed Prince Ribbit
  9649 | D:8      | Noticed Eustachio
  9657 | D:8      | Killed Eustachio
 10081 | D:8      | Found a shattered altar of Ashenzari.
 10219 | D:8      | Noticed a wandering mushroom
 10220 | D:8      | Noticed a wandering mushroom
 10442 | D:8      | Reached XP level 10. HP: 83/83 MP: 27/27
 10970 | D:9      | Reached skill level 7 in Spellcasting
 11568 | D:9      | Found Schini's Antique Armour Shoppe.
 11584 | D:9      | Bought a scorched buckler for 266 gold pieces
 11585 | D:9      | Identified the +1 buckler of the Poles {-Cast +Fly rC- rN+ Str+5} (You bought it in a shop on level 9 of the Dungeon)
 11606 | D:9      | Found a staircase to the Orcish Mines.
 11627 | D:9      | Found a staircase to the Lair.
 11672 | D:9      | Found a shadowy altar of Dithmenos.
 11713 | D:9      | Got a twisted war axe
 11715 | D:9      | Identified the +2 war axe of Destiny {chop, rElec rF+} (You found it on level 9 of the Dungeon)
 11895 | Orc:1    | Entered Level 1 of the Orcish Mines
 13047 | Orc:2    | Found a burning altar of Makhleb.
 13732 | Orc:4    | Entered Level 4 of the Orcish Mines
 13732 | Orc:4    | Found Phiul's General Store.
 13735 | Orc:4    | Bought a scroll of identify for 30 gold pieces
 13735 | Orc:4    | Bought a scroll of remove curse for 45 gold pieces
 13735 | Orc:4    | Bought the +1 robe of the Nine Planets {rPois MR+ Str+4 Int+2 Dex-4} for 400 gold pieces
 13764 | Orc:4    | Noticed an orc knight
 13776 | Orc:4    | Killed from afar by an orc priest

Action                   |  1- 3 |  4- 6 |  7- 9 | 10-12 || total
-------------------------+-------+-------+-------+-------++-------
Melee: Mace              |   144 |   177 |       |       ||   321
       Spear             |       |   115 |   172 |       ||   287
       Unarmed           |       |       |    47 |   177 ||   224
       Flail             |       |       |   335 |   142 ||   477
 Fire: Arbalest          |       |       |     5 |     3 ||     8
       Shortbow          |       |       |       |     2 ||     2
Throw: Tomahawk          |       |       |       |     2 ||     2
 Cast: Beastly Appendage |    24 |    36 |    57 |    10 ||   127
       Sticks to Snakes  |     3 |    32 |     6 |       ||    41
       Spider Form       |       |       |     3 |       ||     3
       Blade Hands       |       |       |       |    13 ||    13
Evoke: Wand              |       |       |       |     1 ||     1
  Use: Scroll            |     4 |     7 |    12 |     4 ||    27
       Potion            |     1 |     1 |     8 |     1 ||    11
 Stab: Sleeping          |     1 |       |       |       ||     1
       Invisible         |       |       |     3 |       ||     3
       Distracted        |       |       |     1 |       ||     1
  Eat: Chunk             |     7 |     7 |    10 |    16 ||    40
       Bread ration      |       |     1 |       |       ||     1
       Fruit             |       |     1 |     3 |       ||     4
       Beef jerky        |       |       |     1 |       ||     1
       Pizza             |       |       |     1 |       ||     1
